 Dungeon Crawl Stone Soup version 0.24-a0-278-gefa1973 (webtiles) character file.

Game seed: 4956966308913591682

4349 Furikabute the Arsonist (level 10, 0/65 HPs)
             Began as a Deep Elf Fire Elementalist on Apr 29, 2019.
             Was an Initiate of Vehumet.
             Slain by a killer bee (8 damage)
             ... on level 7 of the Dungeon.
             The game lasted 01:15:37 (14994 turns).

Furikabute the Arsonist (DEFE)                     Turns: 14994, Time: 01:15:38

Health: 0/65       AC:  4    Str:  9    XL:     10   Next: 12%
Magic:  9/24       EV: 13    Int: 24    God:    Vehumet [......]
Gold:   14         SH:  0    Dex: 19    Spells: 11/26 levels left

rFire    . . .     SeeInvis .   l - +1 hunting sling
rCold    . . .     Gourm    .   (no shield)
rNeg     . . .     Faith    .   o - +0 robe
rPois    .         Spirit   .   d - +1 helmet
rElec    .         Reflect  .   (no cloak)
rCorr    .         Harm     .   (no gloves)
MR       +....                  (no boots)
Stlth    ++........             n - amulet of regeneration
HPRegen  0.60/turn              g - +4 ring of dexterity
MPRegen  0.19/turn              y - +4 ring of strength

@: no status effects
A: no striking features
a: Renounce Religion


You were on level 7 of the Dungeon.
You worshipped Vehumet.
Vehumet was noncommittal.
You were not hungry.

You visited 2 branches of the dungeon, and saw 9 of its levels.
You also visited: Sewer.

You collected 414 gold pieces.
You spent 400 gold pieces at shops.

Inventory:

Hand Weapons
 j - a +1 dagger of holy wrath
 l - a +1 hunting sling (weapon)
Missiles
 b - 234 stones
 u - 35 sling bullets (quivered)
 x - a throwing net
Armour
 d - a +1 helmet (worn)
 o - a +0 robe (worn)
Jewellery
 g - a +4 ring of dexterity (left hand)
 n - an amulet of regeneration (around neck)
 y - a +4 ring of strength (right hand)
Wands
 h - a wand of flame (22)
 m - a wand of enslavement (9)
Scrolls
 e - 2 scrolls of immolation
 f - 4 scrolls of remove curse
 i - a scroll of teleportation
 p - 2 scrolls of identify
 q - 2 scrolls of enchant weapon
Potions
 k - a potion of agility
 r - a potion of haste
 s - a potion of resistance
 t - a potion of cancellation
 v - a potion of magic
 w - 2 potions of might
Miscellaneous
 z - a lightning rod (4/4)
Comestibles
 c - 8 rations


   Skills:
 - Level 8.7 Fighting
 - Level 2.4 Dodging
 - Level 2.4 Stealth
 + Level 8.5 Spellcasting
 * Level 7.2 Conjurations
 + Level 9.4 Fire Magic


You had 11 spell levels left.
You knew the following spells:

 Your Spells              Type           Power        Failure   Level  Hunger
a - Flame Tongue          Conj/Fire      #####        1%          1    None
b - Throw Flame           Conj/Fire      ######       1%          2    None
c - Conjure Flame         Conj/Fire      ######..     1%          3    None
d - Sticky Flame          Conj/Fire      ######..     1%          4    ##.....
e - Fireball              Conj/Fire      ######....   5%          5    ####...

Your spell library contained the following spells:

 Spells                   Type           Power        Failure   Level  Hunger
 Inner Flame              Hex/Fire       ####....     2%          3    None


Dungeon Overview and Level Annotations

Branches:
Dungeon (8/15)             Temple (1/1) D:7
   Lair: D:8-11

Altars:
Ashenzari
Cheibriados
Dithmenos
Elyvilon
Fedhas
Gozag
Hepliaklqana
Kikubaaqudgha
Makhleb
Nemelex Xobeh
Okawaru
Qazlal
Ru
Sif Muna
Trog
Vehumet
Wu Jian
Xom
Yredelemnul
Zin
The Shining One

Shops:
D:6 }

Annotations:
D:5 Sigmund


Message History

The killer bee poisons you! The killer bee stings you.
* * * LOW HITPOINT WARNING * * *
You are more poisoned.
The killer bee poisons you! The killer bee misses you.
You feel better.
The killer bee burns!
The killer bee barely misses you. The killer bee misses you.
The killer bee barely misses you. The killer bee stings you!
* * * LOW HITPOINT WARNING * * *
You are poisoned.
The killer bee poisons you! The killer bee barely misses you.
The killer bee stings you but does no damage.
You feel better.
The killer bee burns!
The killer bee stings you but does no damage.
The killer bee stings you.
* * * LOW HITPOINT WARNING * * *
The killer bee stings you.
* * * LOW HITPOINT WARNING * * *
The killer bee stings you but does no damage.
The killer bee stings you!
You die...

..# #............########.####.##
..# ######.........#.......# #.#
.## #.###.#.###.#.##.####.# .#
#.....[.###.#......##.#
.#########..##.....#.#......##.#
....##......##...#.#.#......##.##
...............<.#...#.##'####.##
.##.##.##...###.y..#.#.##.# #...
..#............y@..#.#.##.#######
..#....#.#..[..y.................
...............##....#.##.#######
....##.........##................
....##.#.####..#####.#.#..##.....
.....................#.#.........
.........#....########.....#)....
.........#....'............#.####
.#.....#.#....##########.###.####


You could see 3 killer bees.

Vanquished Creatures
  Pikel (D:4)
  A hippogriff (D:7)
  A spriggan (D:7)
  Duvessa (D:7)
  3 phantoms
  2 orc warriors
  3 ice beasts
  3 sky beasts
  3 ogres
  2 necrophages
  4 bullfrogs
  A gnoll sergeant (D:7)
  A scorpion (D:4)
  Dowan (D:7)
  5 killer bees
  2 howler monkeys
  A crimson imp (D:5)
  3 hounds
  3 jellies
  6 orc priests
  A bullfrog skeleton (D:4)
  2 iguanas
  8 orc wizards
  A worker ant (D:8)
  A howler monkey zombie (D:6)
  A worker ant zombie (D:6)
  Robin (D:2)
  10 gnolls
  14 adders
  2 howler monkey skeletons
  16 oozes
  An adder zombie (D:5)
  4 worms
  2 dart slugs
  9 leopard geckos
  19 orcs
  5 bats
  20 giant cockroaches
  10 goblins
  13 hobgoblins
  3 jackals (D:1)
  2 quokkas
  5 ball pythons
  18 frilled lizards
  A giant cockroach zombie (D:2)
  9 kobolds
  A leopard gecko skeleton (D:6)
  A quokka skeleton (D:4)
  7 rats
234 creatures vanquished.

Notes
Turn   | Place    | Note
-------+----------+-------------------------------------------
     0 | D:1      | Furikabute the Deep Elf Fire Elementalist began the quest
                  | for the Orb.
     0 | D:1      | Reached XP level 1. HP: 10/10 MP: 6/6
   239 | D:1      | Reached XP level 2. HP: 13/15 MP: 4/8
   244 | D:1      | Reached skill level 4 in Fire Magic
   364 | D:1      | Learned a level 2 spell: Throw Flame
   866 | D:1      | Reached XP level 3. HP: 19/19 MP: 1/10
  1568 | D:2      | Reached XP level 4. HP: 36/36 MP: 11/11
  1573 | D:2      | Learned a level 3 spell: Conjure Flame
  1965 | D:2      | Found a white marble altar of Elyvilon.
  2043 | D:2      | Reached XP level 5. HP: 40/40 MP: 9/13
  2049 | D:2      | Noticed Robin
  2111 | D:2      | Killed Robin
  3229 | D:3      | Reached skill level 5 in Fire Magic
  3501 | D:3      | Found a glowing drain.
  3605 | Sewer    | Entered a sewer
  3988 | Sewer    | Reached XP level 6. HP: 45/45 MP: 12/14
  4717 | D:3      | Learned a level 4 spell: Sticky Flame
  4825 | D:3      | Reached XP level 7. HP: 50/50 MP: 7/16
  6142 | D:4      | Found a basalt altar of Yredelemnul.
  6144 | D:4      | Noticed a profane servitor
  6153 | D:4      | Found a glowing golden altar of the Shining One.
  6155 | D:4      | Noticed an angel
  6201 | D:4      | Reached skill level 5 in Spellcasting
  6201 | D:4      | Reached skill level 6 in Fire Magic
  6949 | D:4      | Noticed Pikel
  7234 | D:4      | Found a snail-covered altar of Cheibriados.
  7790 | D:4      | Reached XP level 8. HP: 55/55 MP: 14/18
  7884 | D:4      | Killed Pikel
  7884 | D:4      | Reached skill level 7 in Fire Magic
  8115 | D:4      | Found a shattered altar of Ashenzari.
  8329 | D:4      | Learned a level 5 spell: Fireball
  8330 | D:5      | Entered Level 5 of the Dungeon
  8634 | D:5      | Noticed Sigmund
  9523 | D:6      | Reached skill level 8 in Fire Magic
  9619 | D:6      | Found Zeus's Gadget Shoppe.
 10076 | D:6      | Reached XP level 9. HP: 56/60 MP: 12/21
 11138 | D:7      | Found a staircase to the Ecumenical Temple.
 11191 | D:7      | Noticed Duvessa
 11191 | D:7      | Noticed Dowan
 11195 | D:7      | Killed Dowan
 11195 | D:7      | Reached skill level 5 in Conjurations
 11203 | D:7      | Killed Duvessa
 13184 | D:7      | Reached skill level 9 in Fire Magic
 13220 | D:7      | Found a sparkling altar of Nemelex Xobeh.
 14022 | D:8      | Noticed a death yak
 14023 | D:8      | Noticed a death yak
 14197 | Temple   | Entered the Ecumenical Temple
 14406 | Temple   | Became a worshipper of Vehumet
 14562 | D:6      | Bought a lightning rod (4/4) for 400 gold pieces
 14622 | D:8      | Noticed a death yak
 14694 | D:8      | Reached XP level 10. HP: 46/65 MP: 3/24
 14992 | D:7      | HP: 1/65 [killer bee (4)]
 14994 | D:7      | Slain by a killer bee

Levels and vault maps discovered:
D:1:      dpeg_arrival_brainrot, layout_loops_ring
D:2:      layout_loops_cross, marbit_many_paths, first_ration, uniq_robin
D:3:      layout_basic, gup_sewer_entry_glass, minivault_19
D:4:      layout_cave_pools, cheibriados_altar_1,
          nicolae_overflow_crystal_walls, grunt_temple_overflow_holy_war,
          uniq_pikel
D:5:      layout_gridville, serial_shops, shop, uniq_sigmund
D:6:      layout_gridville, serial_shops, shop
D:7:      layout_basic, minmay_temple_entry_drinking_statues, basic_altar,
          the_bakery, uniq_duvessa
D:8:      cheibrodos_fzero, layout_cave_pools, lemuel_coloured_pillars_altar,
          dpeg_lair_monsters, lemuel_oklob_altar
Temple:   eino_temple_rhombus

Skill      XL: |  1  2  3  4  5  6  7  8  9 10 |
---------------+-------------------------------+-----
Fire Magic     | 4 5 6 8 9 |  9.4
Fighting       | 8 |  8.7
Spellcasting   | 4 5 6 8 |  8.5
Conjurations   | 2 3 4 6 7 |  7.2
Dodging        | |  2.4
Stealth        | |  2.4

Action                   |  1- 3 |  4- 6 |  7- 9 | 10-12 || total
-------------------------+-------+-------+-------+-------++-------
Melee: Dagger            |       |       |    13 |       ||    13
 Fire: Hunting sling     |    17 |   115 |   137 |     1 ||   270
Throw: Stone             |    29 |       |       |       ||    29
 Cast: Flame Tongue      |    17 |    33 |   141 |     8 ||   199
       Throw Flame       |    21 |    82 |   107 |     3 ||   213
       Conjure Flame     |       |     7 |     5 |       ||    12
       Sticky Flame      |       |       |    25 |     5 ||    30
Evoke: Wand              |       |       |     3 |       ||     3
  Use: Scroll            |     3 |     2 |    11 |       ||    16
       Potion            |     3 |       |     4 |     2 ||     9
  Eat: Chunk             |     2 |     8 |    13 |       ||    23
       Ration            |       |     1 |     6 |       ||     7
Armor: Robe              |     7 |     8 |    36 |     8 ||    59
Dodge: Dodged            |    11 |    27 |    81 |    21 ||   140

Table legend:
 A = Non-vault XP
 B = Vault XP
 C = Vault XP percentage of total XP
 D = Non-vault monster count
 E = Vault monster count
 F = Vault count percentage of total count
                 A         B        C        D         E       F
            +---------+---------+-------+---------+---------+-------
      Total |    4538 |    1601 |  26.1 |     162 |      72 |  30.8
            +---------+---------+-------+---------+---------+-------
        D:1 |      60 |       5 |   7.7 |      27 |       1 |   3.6
        D:2 |      82 |      39 |  32.2 |      20 |      14 |  41.2
        D:3 |     131 |      28 |  17.6 |      21 |       3 |  12.5
        D:4 |     627 |     706 |  53.0 |      26 |       1 |   3.7
        D:5 |     197 |       0 |   0.0 |      11 |       0 |   0.0
        D:6 |    1153 |       0 |   0.0 |      25 |       0 |   0.0
        D:7 |    1638 |     426 |  20.6 |      23 |       3 |  11.5
        D:8 |     650 |       0 |   0.0 |       9 |       0 |   0.0
      Sewer |       0 |     397 | 100.0 |       0 |      50 | 100.0
            +---------+---------+-------+---------+---------+-------
